 Dungeon Crawl Stone Soup version 0.17.0-28-g6e173f8 (webtiles) character file.

21 M4edhros the Chopper (level 2, -2/19 HPs)
             Began as an Octopode Wanderer on Nov 26, 2015.
             Slain by an adder (3 damage)
             ... on level 6 of the Dungeon.
             The game lasted 00:02:16 (1416 turns).

M4edhros the Chopper (Octopode Wanderer)            Turns: 1416, Time: 00:02:16

Health: -2/19      AC:  1    Str: 13    XL:     2   Next: 87%
Magic:  2/2        EV: 16    Int: 15    God:
Gold:   63         SH:  0    Dex: 13    Spells: 0 memorised, 1 level left

rFire  . . .     SeeInvis .     i - +1 short sword
rCold  . . .     Clarity  .     (no shield)
rNeg   . . .     SustAt   .     (helmet restricted)
rPois  +         Gourm    .     (no amulet)
rElec  .         Spirit   .     l - ring of poison resistance
rCorr  .         Warding  .     (no ring)
rMut   .         Stasis   .     (no ring)
MR     .....                    (no ring)
Stlth  ++++++....               (no ring)
                                (no ring)
                                (no ring)
                                (no ring)

@: agile, lethally poisoned (-2 -> -5), very slightly contaminated, not
resistant to hostile enchantments, very stealthy
A: almost no armour, amphibious, 8 rings, constrict 8, camouflage 1, gelatinous
body 1
a: no special abilities


You were on level 6 of the Dungeon.
You were near starving.

You visited 1 branch of the dungeon, and saw 6 of its levels.

You collected 63 gold pieces.

Inventory:

Hand Weapons
 b - a +0 hand axe
 d - a +0 dagger
 i - a +1 short sword (weapon)
Missiles
 n - 5 stones (quivered)
Jewellery
 l - a ring of poison resistance (left tentacle)
Wands
 j - a wand of enslavement (12)
Potions
 c - 2 potions of curing
Books
 a - a book of Spatial Translocations

   Spells                             Type                      Level
   a - Apportation                    Translocation                1
   b - Blink                          Translocation                2
   c - Shroud of Golubria             Charms/Translocation         2
   d - Portal Projectile              Translocation                3
   e - Teleport Other                 Translocation                3
   f - Passage of Golubria            Translocation                4
Comestibles
 e - a bread ration
 g - 2 meat rations
 m - 2 fruits


   Skills:
 - Level 2.1 Fighting
 - Level 3.4 Axes
 - Level 0.2 Dodging
 + Level 3.4 Stealth
   Level 2.0 Translocations
   Level 1.0 Transmutations
 + Level 0.7 Evocations


You had one spell level left.
You didn't know any spells.

Dungeon Overview and Level Annotations

Branches:
Dungeon (7/15)
 Temple: D:4-7

Altars:

Portals:
Sewer: D:6


Innate Abilities, Weirdness & Mutations

You cannot wear most types of armour.
You are amphibious.
You can wear up to eight rings at the same time.
You can use your tentacles to constrict eight enemies at once.
Your skin changes colour to match your surroundings (Stealth).
Your rubbery body absorbs attacks (AC +1).


Message History

Your extra speed is starting to run out.
Found a glowing drain.
The adder closely misses you.
You hit the adder but do no damage. Your grab misses the adder.
The adder barely misses you.
You closely miss the adder. You grab the adder. You constrict the adder.
The adder bites you.
* * * LOW HITPOINT WARNING * * *
You are lethally poisoned!
The adder poisons you!
You barely miss the adder.
The adder is lightly wounded.
You constrict the adder.
* * * LOW HITPOINT WARNING * * *
You feel sick.
You hit the adder.
The adder is severely wounded.
You feel yourself slow down.
You constrict the adder. The adder bites you.
You die...

.....#####....#.#.#.#.#.#.#.#.#
..?................#....§......#
#.#.#.#.......#................#
...........##..#...####.........
..#.#.#...#.#.###..###.(........
.............## #..#............
....#.#..###.# #.....##........
.........# #############....$...
.......#..# #.≈≈@S≈≈≈∩≈##........
..........###.##########.........
.#.#.#.#.J##.##...............##.
......#....#..........#..........
#.#.#.#....##..#.....##....#...#
#....#......##.............##.##
##..#.#.#..................# ...
#......(##................# ..
##..#.#..####................


You could see an adder.

Vanquished Creatures
  4 orcs (D:3)
  4 bats
  A giant cockroach (D:2)
  2 kobolds (D:3)
  A quokka (D:3)
  2 goblins
  3 rats
17 creatures vanquished.

Notes
Turn   | Place    | Note
--------------------------------------------------------------
     0 | D:1      | M4edhros the Octopode Wanderer began the quest for the Orb.
     0 | D:1      | M4edhros set off with: a book of Spatial Translocations, a +0 hand axe, a potion of curing, a +0 dagger, a bread ration
     0 | D:1      | Reached XP level 1. HP: 14/14 MP: 1/1
     0 | D:1      | Noticed a draconian skeleton
     1 | D:1      | Noticed a vine stalker skeleton
     5 | D:1      | Noticed an elf skeleton
    12 | D:1      | Noticed an elf skeleton
    14 | D:1      | Noticed a merfolk skeleton
    16 | D:1      | Noticed an elf skeleton
    16 | D:1      | Noticed a centaur skeleton
   216 | D:3      | Reached XP level 2. HP: 19/19 MP: 2/2
   979 | D:4      | Noticed an ice beast
  1019 | D:4      | You fall through a shaft for 3 floors!
  1410 | D:6      | Found a glowing drain.
  1416 | D:6      | Slain by an adder

Action                   || total
-------------------------++-------
Melee: Hand axe          ||    21
       Short sword       ||    31
Evoke: Wand              ||     1
  Use: Scroll            ||     5
       Potion            ||     3
 Stab: Sleeping          ||     5
